[Event "87th Spanish Championship 2022"]
[Site "Linares"]
[Date "2022.08.13"]
[Round "3.15"]
[White "Esquivias Quintero, Luis Manuel"]
[Black "Moreno Ruiz, Javier"]
[Result "0-1"]
[ECO "C09"]
[WhiteElo "2299"]
[BlackElo "2428"]
[Annotator "TA"]
[PlyCount "116"]
[EventDate "2022.08.11"]
[EventType "swiss"]
[EventCountry "ESP"]
[SourceTitle "playchess.com"]
[Source "ChessBase"]
[SourceQuality "1"]
[TimeControl "5400+30"]

1. e4 e6 2. d4 d5 3. Nd2 c5 4. Ngf3 Nc6 5. exd5 exd5 6. Bb5 Qe7+ $1 {[%emt 0:00:21][%mdl 4] is currently scoring better than 6...Bd6.} 7. Be2 Qc7 {[%emt 0:00:31] C09: French Tarrasch: 3...c5 4 exd5 exd5 5 Ngf3 Nc6.} ({Don't do} 7... Nxd4 8. Nxd4 cxd4 9. O-O $16) 8. O-O Nf6 9. Re1 Be6 {[%emt 0:00:53] White has an edge.} 10. Bb5 Be7 11. dxc5 Bxc5 12. Nb3 Bb6 13. Be3 O-O 14. h3 {[%emt 0:02:25] [#]} Ne4 $146 ({Predecessor:} 14... Bf5 15. Bxb6 Qxb6 16. a4 Rfe8 17. Rxe8+ Rxe8 18. Nfd4 Bd7 19. a5 Qc7 20. Bf1 Ne4 {½-½ (62) Pivinsky,E (2490)-Tyulenko,Y (2432) ICCF email 2018}) 15. c3 Rae8 16. Qc2 Re7 17. Bxb6 Qxb6 18. Nbd4 h6 19. Bd3 Bc8 20. Re2 ({But not} 20. Bxe4 dxe4 21. Nxc6 bxc6 $11) 20... f5 21. Rae1 Ref7 22. Qb3 Qc5 23. Qb5 Qd6 24. c4 Nxd4 (24... Nb4 $11 25. Bxe4 fxe4) 25. Nxd4 $14 dxc4 26. Qxc4 Qb6 27. Bxe4 fxe4 28. Rxe4 Qxb2 29. Rf4 {[%emt 0:00:07] Strongly threatening Rxf7.} Qd2 (29... Bd7 $1 $14) 30. Ree4 $16 {[%emt 0:01:55] Threatens to win with Rxf7.} Bd7 {[%emt 0:01:04] [#]} (30... Qd1+ $16 {was necessary.} 31. Kh2 b5 32. Nxb5 Qd7 33. Rxf7 Qxf7) 31. Nf3 $1 $18 Qd6 32. Ne5 $2 (32. Rxf7 $18 Rxf7 33. Ne5) 32... Qd1+ $14 33. Kh2 b5 34. Qxf7+ Rxf7 35. Rxf7 Qd5 36. f3 Be6 37. Rxa7 Bf5 {[%emt 0:00:05] Prevents Ng6.} 38. Re3 Qd4 39. Raa3 b4 {[%emt 0:00:11][%mdl 1024] Black has compensation.} 40. Rab3 Bc2 {[%emt 0:00:12] [#] aiming for ...Qf4+.} 41. Ng4 $2 h5 $19 42. Re8+ Kf7 43. Rbe3 (43. Re2 $142 Bxb3 44. Ne5+ Kf6 45. axb3) 43... hxg4 (43... Qd6+ $142 44. Kg1 hxg4 45. hxg4 Bd3) 44. hxg4 $2 (44. R3e7+ Kg6 45. hxg4) 44... Bb1 $2 (44... Qd6+ $19 {and Black stays clearly on top.} 45. Kg1 Bb1) 45. R8e7+ $2 (45. R3e7+ $17 {nothing else works.} Kg6 46. Rb7) 45... Kg8 46. Re8+ Kh7 47. R3e5 (47. Re2 $142 Bd3 48. Re1) 47... Bxa2 {[%emt 0:00:59] And now ...Bf7 would win.} 48. Rh5+ Kg6 {[%emt 0:00:08] ...Bc4 is the strong threat.} 49. Re4 Qd6+ 50. f4 Bb1 51. Rg5+ Kh7 52. Rh5+ Kg8 53. Rc4 Bd3 54. Rc8+ Kf7 55. Kg3 b3 {[%emt 0:00:41] ( -> ...b2)} 56. Rhc5 b2 (56... Be4 $142 57. Rc3 b2) 57. R8c7+ Ke6 58. Kh4 Qxc5 {[%emt 0:00:21] What a bad dream for White.  Weighted Error Value: White=0.83/Black=0.25 (precise)} 0-1

[Event "87th Spanish Championship 2022"]
[Site "Linares"]
[Date "2022.08.13"]
[Round "3.16"]
[White "Espinosa Aranda, Angel"]
[Black "Castellanos Gomez, Alejandro"]
[Result "1-0"]
[ECO "C05"]
[WhiteElo "2439"]
[BlackElo "2266"]
[Annotator "TA"]
[PlyCount "55"]
[EventDate "2022.08.11"]
[EventType "swiss"]
[EventCountry "ESP"]
[SourceTitle "playchess.com"]
[Source "ChessBase"]
[SourceQuality "1"]
[TimeControl "5400+30"]

1. e4 e6 2. d4 d5 3. Nd2 Nf6 4. e5 Nfd7 5. f4 c5 6. Ngf3 cxd4 7. Nb3 Nc6 8. Nbxd4 Bc5 9. c3 {[%emt 0:01:49] C05: French Tarrasch: 3...Nf6 4 e5 Nfd7, 5 f4 and 5 Bd3 sidelines.} Qe7 {[%emt 0:12:14] [#]} 10. Be2 $146 ({Predecessor:} 10. Be3 f6 11. Bb5 Bxd4 12. Bxd4 fxe5 13. fxe5 Nxd4 14. Qxd4 O-O 15. O-O Nc5 16. b4 {1-0 (49) Delgado Ramirez,N (2605)-Bueno,A (2186) Rio de Janeiro 2017}) 10... f6 11. Bb5 {[%emt 0:09:54] White is slightly better.} Bxd4 ({Black should try} 11... fxe5 $11 12. Nxc6 bxc6 13. Bxc6 Rb8) 12. Nxd4 $14 Nxd4 13. Qxd4 fxe5 14. fxe5 {[%emt 0:10:23] 0-0 is the strong threat.} O-O 15. Be3 Nb8 16. O-O-O a6 17. Bd3 {[%emt 0:01:00] Hoping for Qg4. This bishop pair is nice.} Nc6 18. Qc5 Qe8 19. Qd6 Bd7 20. Rhf1 $36 {[%emt 0:00:41][%mdl 2048] White is pushing.} Rd8 $2 {[%emt 0:01:16] [#]} (20... Rxf1 $14 21. Rxf1 Qe7) 21. Bb6 $2 (21. Bg5 $18) 21... Rxf1 22. Rxf1 Rc8 23. g4 {[%emt 0:06:33][%cal Bg2g4,Bg4g5][%mdl 32] 0x0.0020ae323784dp-1022s more active pieces.} Nd8 $2 {[%emt 0:03:04][%mdl 8192] [#]} (23... Qe7 $14) 24. Rf8+ $3 $18 Qxf8 25. Bxh7+ $1 {[%emt 0:00:05][%mdl 64] Deflection} ({Weaker is} 25. Qxd7 Nc6 26. Qxe6+ Kh8 $17) 25... Kxh7 26. Qxf8 Nc6 27. Qf7 Nb8 28. g5 {[%emt 0:01:28] Weighted Error Value: White=0.39/Black=0.81} 1-0

[Event "87th Spanish Championship 2022"]
[Site "Linares"]
[Date "2022.08.13"]
[Round "3.17"]
[White "Rodriguez Lopez, Rafael"]
[Black "Ingunza Curro, Andres"]
[Result "1/2-1/2"]
[ECO "C88"]
[WhiteElo "2172"]
[BlackElo "2370"]
[Annotator "TA"]
[PlyCount "180"]
[EventDate "2022.08.11"]
[EventType "swiss"]
[EventCountry "ESP"]
[SourceTitle "playchess.com"]
[Source "ChessBase"]
[SourceQuality "1"]
[TimeControl "5400+30"]

1. e4 e5 2. Nf3 Nc6 3. Bb5 a6 4. Ba4 Nf6 5. O-O Be7 6. Re1 b5 7. Bb3 O-O 8. a4 b4 9. d4 d6 10. dxe5 dxe5 11. Nbd2 Bg4 12. h3 {[%emt 0:01:18] C88: Closed Ruy Lopez: Anti-Marshall Systems.} Bh5 13. g4 Bg6 14. Qe2 {[%emt 0:22:56] [#] White is slightly better.} Bc5 $146 ({Predecessor:} 14... Qd7 15. c3 Rfd8 16. Nh4 Na5 17. Nxg6 hxg6 18. Bc2 Qc6 19. Nb3 Nb7 20. cxb4 Bxb4 {1-0 (38) Matulovic,M-Kovacs,L Sarajevo 1969}) 15. Bc4 Qc8 16. c3 Kh8 17. Nh4 (17. Nb3 $5 Ba7 18. Nh4 $11) 17... Nd8 18. Nf5 Ne6 19. Nf3 Nd7 20. a5 Qb7 (20... bxc3 $14 21. bxc3 Bd6) 21. Bd5 (21. N5h4 $16) 21... c6 $14 22. Bc4 Qa7 23. Ng5 Nf4 24. Qf1 (24. Bxf4 $5 exf4 25. Nf3 $11) 24... h6 25. Bxf4 exf4 26. Nf3 Rfe8 27. Rad1 (27. e5 $1 $14) 27... Ne5 28. Nxe5 Rxe5 29. Kg2 bxc3 30. bxc3 Bf8 31. Rd2 Rae8 32. Red1 Rxe4 {[%emt 0:01:25] aiming for ...Qc5.} 33. Rd7 f3+ 34. Kxf3 Qc5 35. Bxf7 {[%emt 0:02:14] Active counter play!} Bxf7 (35... Qxc3+ 36. Qd3 Qxd3+ 37. R1xd3 Bxf7 38. Rxf7 $16) (35... Bxf5 $11 36. Bxe8 Qxc3+ 37. R7d3 Qf6 38. gxf5 Rxe8) 36. Rxf7 g6 37. Ng3 (37. Ne3 Kg8 38. Rdd7 Qe5 $11) 37... Re1 38. Rxe1 {[%emt 0:02:53] Chess con chili.} ({Don't blunder} 38. Qxe1 $2 Rxe1 39. Rd8 Re8 $3 $19 ) 38... Qd5+ 39. Re4 Qxf7+ 40. Kg2 Qd5 $2 (40... Rxe4 $16 41. Nxe4 Qd5) 41. Qc4 $2 (41. c4 $18 Qd7 42. Rxe8 Qxe8 43. c5) 41... Qxc4 ({Black should try} 41... Rxe4 $14 42. Qxe4 Kg7) 42. Rxc4 {[%emt 0:00:05][%mdl 4096] Endgame KRB-KRN} c5 (42... Rc8 $16 {was worth a try.} 43. Rd4 Re8) 43. Re4 $18 Rxe4 (43... Re7 {might work better.} 44. Kf3 Kg7 45. Rxe7+ Bxe7) 44. Nxe4 {[%emt 0:00:06] KB-KN} c4 45. Kf3 Be7 $2 (45... Bg7 {is tougher.} 46. Kf4 Kh7) 46. Ke3 Bd8 47. Kd4 {[%emt 0:00:18] Nc5 is the strong threat.} Bxa5 48. Kxc4 {[%emt 0:00:06] Strongly threatening Nc5.} Kg7 49. Nc5 Bb6 $2 (49... Kf6 50. Kd5 (50. Nxa6 Kg5 $18) 50... Ke7) 50. Nxa6 Bxf2 51. Nc5 Kf7 52. Ne4 Be1 53. Kd5 Ke7 54. c4 Ba5 55. c5 Bc7 56. c6 Bh2 57. Nc5 h5 {[%emt 0:00:59] [#]} 58. Nd7 $2 (58. g5 $1 $18 {and the rest is easy.} Kd8 59. Nd7) 58... hxg4 $16 59. hxg4 {[%emt 0:00:04] White threatens Ne5 and mate.} Bc7 60. g5 ({White should play} 60. Kc4 $16) 60... Bf4 $11 61. Nc5 Bh2 {[%emt 0:00:52] [#]} (61... Bg3 $1 $11 {remains equal.}) 62. Ne6 ({Better is} 62. Nd3 $1 $16 {[%cal Rd3e5] Threatening mate with Ne5.} Kd8 63. Ke6) 62... Bg3 {[%emt 0:00:14] The position is equal.} 63. Nc5 (63. c7 {seems wilder.} Kd7 64. Ke4 Bd6 65. Kf3) 63... Kd8 64. Ne4 Bf4 65. Kc5 Kc7 66. Kb5 Kc8 67. Kb6 Be3+ 68. Kb5 Bf4 69. Kc5 Kc7 70. Kd5 Kb6 71. Nc5 Bxg5 72. Ne6 Be7 73. Nd4 (73. c7 {with more complications.} Kb7 74. Nf4 g5 75. Ke6) 73... g5 74. Ke6 {[%emt 0:00:33] White wants to mate with Kd7.} Bd8 $1 75. Kd7 Bc7 76. Ne6 Bb8 77. Nxg5 Bh2 78. Ne4 Bc7 79. Nd6 {[%emt 0:00:41] Nc8+ would kill now.} Bb8 80. Nc8+ Kc5 81. Ne7 Kb6 82. Ng6 Bh2 83. Nf8 $1 Bc7 84. Ne6 Bb8 85. Nd8 Bc7 86. Nf7 $1 Bb8 $1 87. Nd6 Kc5 88. Nf5 Kb6 89. Ne7 Bh2 90. Nc8+ Kc5 {[%emt 0:00:07] Black defended with fortune.  Weighted Error Value: White=0.43/Black=0.33} 1/2-1/2

[Event "87th Spanish Championship 2022"]
[Site "Linares"]
[Date "2022.08.13"]
[Round "3.18"]
[White "Medarde Santiago, Luis Marcos"]
[Black "Lopez Varela, Pablo"]
[Result "0-1"]
[ECO "C41"]
[WhiteElo "2330"]
[BlackElo "2158"]
[Annotator "TA"]
[PlyCount "160"]
[EventDate "2022.08.11"]
[EventType "swiss"]
[EventCountry "ESP"]
[SourceTitle "playchess.com"]
[Source "ChessBase"]
[SourceQuality "1"]
[TimeControl "5400+30"]

1. e4 d6 2. d4 Nf6 3. Nc3 e5 4. Nf3 Nbd7 5. Bc4 Be7 6. a4 O-O 7. O-O c6 8. h3 h6 9. Re1 Re8 10. Be3 {[%emt 0:04:27] C41: Philidor Defence.} a5 11. Ba2 exd4 12. Qxd4 {[%emt 0:18:29] White has an edge.} Nf8 13. Rad1 {[%emt 0:06:48] [#] Black must now prevent e5.} Be6 $1 14. Bxe6 $1 Nxe6 {[%emt 0:00:07] [#]} 15. Qc4 $146 ({Predecessor:} 15. Qd3 Nd7 16. Nd2 Ne5 17. Qf1 f6 18. f4 Nf7 19. Nc4 Ra6 20. Qf2 Qb8 21. Bb6 {1-0 (41) Marcus,H (2666)-Kadric,D (2575) Chess.com INT 2020}) 15... Qc7 16. Nd4 Bf8 17. Nf5 Rad8 18. Rd2 (18. Qe2 {is interesting.} d5 19. exd5 Nf4 20. Bxf4 Qxf4 21. Qf3) 18... Kh7 19. Red1 g6 20. Ng3 h5 21. Nge2 Kg8 22. Nf4 Qb8 23. Nxe6 Rxe6 24. Bf4 Rde8 25. Re2 Qa7 26. Rde1 Qb6 27. b3 Qb4 28. Qd3 Nd7 29. Bd2 Qb6 {[%emt 0:07:03] Prevents Nb5.} 30. Be3 Nc5 31. Qc4 Qb4 {...Qxc4 is the strong threat.} 32. Qxb4 axb4 33. Bxc5 dxc5 34. Nb1 ({Better is} 34. Nd1 $15) 34... Bg7 35. f3 (35. Kf1 $15 {might be stronger.}) 35... Rd8 $17 36. Rd2 Rxd2 {[%emt 0:01:43] Black is more active.} 37. Nxd2 {[%emt 0:00:00][%mdl 4096] Endgame KRB-KRN} Bc3 38. Re2 Rd6 39. Nc4 Rd1+ 40. Kh2 h4 41. g3 hxg3+ 42. Kxg3 b5 43. axb5 cxb5 44. Ne3 Rg1+ 45. Kh2 Rb1 46. Nd5 Rb2 {[%emt 0:00:09] And now ...c4 would win.} 47. Kg2 $2 {[%emt 0:00:34] [#] Loses the game.} (47. Kg3 $15) 47... c4 $1 $19 48. Nxc3 $2 (48. Kf2) 48... cxb3 {[%emt 0:00:15] Black is clearly winning.} 49. Nd1 bxc2 50. Nxb2 c1=Q {[%emt 0:00:02] KQ-KRN} 51. Rf2 Qg5+ 52. Kf1 Qg3 53. Nd3 Qxh3+ 54. Ke2 Qd7 55. Nxb4 Qd4 56. Nd3 b4 57. Rf1 b3 58. Rb1 (58. Kd2 $142 Qf6 59. e5) 58... Qc3 {[%emt 0:00:06] Threatens to win with ...Qc2+.} 59. Rb2 {[%emt 0:00:07] Prevents Qc2+.} Kf8 60. Rd2 Ke8 61. Nb2 Ke7 62. Nd3 (62. Nd1 $142 Qc4+ 63. Ke1) 62... Kd6 63. Nb2+ Kc6 64. Nd3 Kb5 65. Nb2 Kb4 66. Nd3+ Ka3 67. Ke3 g5 {[%emt 0:00:17] Strongly threatening ...Qa1.} 68. Rg2 f6 (68... Qc6 $142 {aiming for ...Qb6+.} 69. Rd2 Qh6) 69. Rh2 Qc7 {[%emt 0:00:27] Inhibits Rh7.} 70. Rd2 Qa7+ (70... Qb6+ $142 71. Ke2 Qg1) 71. Ke2 Qh7 72. Ke3 Qh1 73. Rf2 Qg1 74. Ke2 b2 75. Nxb2 Kxb2 {[%emt 0:00:04] KQ-KR} 76. Rf1 Qh2+ 77. Rf2 Qd6 78. Rf1 Kc2 79. Re1 Qh2+ 80. Kf1 Kd2 {[%emt 0:00:06] Weighted Error Value: White=0.32/Black=0.04 (flawless)} 0-1

[Event "87th Spanish Championship 2022"]
[Site "Linares"]
[Date "2022.08.13"]
[Round "3.19"]
[White "Horcajuelo Rocamora, Martin"]
[Black "Fernandez Garcia, Jose Luis"]
[Result "1/2-1/2"]
[ECO "D33"]
[WhiteElo "2107"]
[BlackElo "2362"]
[Annotator "RC"]
[PlyCount "174"]
[EventDate "2022.08.11"]
[EventType "swiss"]
[EventCountry "ESP"]
[SourceTitle "playchess.com"]
[Source "ChessBase"]
[SourceQuality "1"]
[TimeControl "5400+30"]

1. d4 d5 2. c4 e6 3. Nf3 c5 4. cxd5 exd5 5. Nc3 Nc6 6. g3 Nf6 7. Bg2 cxd4 8. Nxd4 Bc5 9. Nb3 Bb6 10. O-O d4 11. Na4 O-O 12. Bg5 Re8 13. Re1 h6 14. Bxf6 Qxf6 15. Nxb6 axb6 16. Bxc6 bxc6 17. Qxd4 Qd8 18. Qc3 c5 19. Rad1 Qe7 20. a3 Ra4 21. Nc1 Re4 22. f3 Re3 23. Rd3 Re6 24. e4 f5 25. Rde3 Bb7 26. Nd3 fxe4 27. Nf4 Rd6 28. fxe4 Qe5 29. Qb3+ Kh7 30. Qf7 Re7 31. Qf5+ g6 32. Qxe5 Rxe5 33. Nd3 Rxe4 34. Nxc5 Rxe3 35. Rxe3 Bd5 36. Nd3 Kg7 37. Kf2 Kf6 38. Nf4 Bf7 39. Rd3 Rc6 40. Ke3 g5 41. Nd5+ Ke5 42. Nc3 Rf6 43. Rd8 Bh5 44. Rd5+ Ke6 45. Rb5 Kf7 46. Kd4 Kg7 47. Ne4 Rf1 48. Rxb6 Bg6 49. Rb7+ Kf8 50. Nc3 Rf2 51. a4 Rd2+ 52. Kc5 Rxh2 53. a5 Bd3 54. b4 Rc2 55. Kd4 Bf1 56. Rb8+ Kg7 57. Ne4 Ra2 58. Ke5 Re2 59. Kd4 Ra2 60. Rb6 Ra3 61. Nc5 Rxg3 62. a6 Ra3 63. b5 g4 64. Ne6+ Kh7 65. Nf4 Bxb5 66. Rb7+ Kg8 67. a7 Bc6 68. Rc7 g3 69. Rxc6 Rxa7 70. Rxh6 g2 71. Nxg2 Kg7 72. Rb6 Ra4+ 73. Ke5 Ra5+ 74. Kf4 Ra4+ 75. Kg5 Ra5+ 76. Kg4 Kf7 77. Ne3 Re5 78. Kf4 Re6 79. Rb7+ Re7 80. Rb5 Re6 81. Nd5 Re1 82. Kf5 Rf1+ 83. Nf4 Ke7 84. Rb6 Kd7 85. Ke5 Re1+ 86. Kd5 Rd1+ 87. Ke5 Re1+ 1/2-1/2

[Event "87th Spanish Championship 2022"]
[Site "Linares"]
[Date "2022.08.13"]
[Round "3.20"]
[White "Ladron De Guevara Pinto, Paolo"]
[Black "Garcia Garcia, Samuel"]
[Result "1-0"]
[ECO "D37"]
[WhiteElo "2444"]
[BlackElo "2084"]
[Annotator "TA"]
[PlyCount "55"]
[EventDate "2022.08.11"]
[EventType "swiss"]
[EventCountry "ESP"]
[SourceTitle "playchess.com"]
[Source "ChessBase"]
[SourceQuality "1"]
[TimeControl "5400+30"]

1. d4 Nf6 2. c4 e6 3. Nc3 d5 4. Nf3 Be7 5. Bg5 h6 6. Bxf6 Bxf6 7. e3 O-O 8. Rc1 c6 9. Bd3 Nd7 10. O-O Nb6 {D55: Queen's Gambit Declined: 4 Bg5 Be7: Lines without ...h6 and 6...h6 7 Bxf6.} 11. b3 Re8 {[#]} (11... Nd7 $11) 12. e4 $146 (12. Ne5 $14) ({Predecessor:} 12. Qc2 Qe7 13. c5 Nd7 14. e4 b6 15. b4 Bb7 16. e5 Bh4 17. a4 a5 18. Rb1 {1-0 (52) Hansch,T-Appeldorn,D DESC email 2000}) 12... e5 (12... dxc4 $11 {remains equal.} 13. Bxc4 Nxc4 14. bxc4 Qa5) 13. dxe5 $16 Bxe5 ({Black should play} 13... dxc4 14. exf6 (14. Bxc4 Be7 $11) 14... Qxd3) 14. Nxe5 Rxe5 15. exd5 cxd5 16. c5 {[#] Hoping for f4.} Nd7 17. f4 Re8 18. Nxd5 Nf6 19. Bb5 {White is much more active.} Re4 {[#]} 20. Nxf6+ Qxf6 21. Qd6 Qd4+ 22. Qxd4 Rxd4 23. Rcd1 Rxd1 24. Rxd1 {Black must now prevent Rd8+.} Be6 25. Kf2 Rc8 26. Rc1 Bd5 27. b4 Rd8 $2 (27... Kf8 $16 28. Be2 Bc6) 28. Rd1 {White took control after the opening.  Weighted Error Value: White=0.09 (flawless) /Black=0.61} 1-0

[Event "87th Spanish Championship 2022"]
[Site "Linares"]
[Date "2022.08.13"]
[Round "3.21"]
[White "Pomes Marcet, Juan"]
[Black "Garrido Outon, Alex"]
[Result "1/2-1/2"]
[ECO "E61"]
[WhiteElo "2233"]
[BlackElo "2436"]
[Annotator "TA"]
[PlyCount "126"]
[EventDate "2022.08.11"]
[EventType "swiss"]
[EventCountry "ESP"]
[SourceTitle "playchess.com"]
[Source "ChessBase"]
[SourceQuality "1"]
[TimeControl "5400+30"]

1. d4 Nf6 2. c4 g6 3. Nc3 Bg7 4. Nf3 d6 5. Bg5 h6 6. Bh4 g5 7. Bg3 Nh5 8. e3 c5 9. dxc5 Nxg3 10. hxg3 {[%emt 0:00:09] Strongly threatening cxd6.} dxc5 {[%emt 0:00:05] E61: King's Indian: Early deviations for White, including Smyslov System.} 11. Qxd8+ Kxd8 12. O-O-O+ Bd7 13. Be2 Nc6 14. Nd2 (14. Kc2 {keeps more tension.} b6 15. a3 Kc7 16. Nb5+) 14... b6 {[%emt 0:08:28] [#]} 15. g4 $146 ({Predecessor:} 15. Ndb1 Kc8 16. f4 Rb8 17. Bf3 a6 18. Rd2 g4 19. Be4 e6 20. Rhd1 Be8 21. f5 {½-½ (27) Doppelhammer,H (2288)-Hatzl,S (2355) ICCF email 2014}) 15... Kc7 (15... Bxc3 $5 16. bxc3 Kc7 $15) 16. Nde4 Rad8 17. Ng3 Be5 (17... Bxc3 $5 18. bxc3 Ne5 $15) 18. Rh3 (18. Nge4 {looks sharper.} f5 19. gxf5 Bxf5 20. Rxd8 Kxd8 21. g3) 18... Bxc3 19. bxc3 Be6 20. Rxd8 Kxd8 21. Ne4 Rg8 (21... f6 $5 ) 22. Rxh6 Ne5 23. Nd2 Bxg4 24. f3 Be6 25. e4 Kd7 26. g3 f6 27. Rh7 a6 28. f4 gxf4 29. gxf4 Rg1+ 30. Kc2 Ng4 31. Bxg4 ({Better is} 31. Bf3) 31... Bxg4 $17 {[%emt 0:02:42][%mdl 4096] Endgame KRB-KRN} 32. f5 Bd1+ 33. Kb2 Re1 34. Rh8 {[%emt 0:00:49] [#]} Ba4 $1 35. Ra8 {[%emt 0:04:18] [#]} Bc6 (35... Rd1 $1 $17 36. Ra7+ Kd8) 36. Ra7+ Kd8 37. Rxa6 Kc7 {[%emt 0:00:41] aiming for ...Kb7.} 38. Ra7+ Bb7 39. Kc2 Re3 (39... Kb8 $5 40. Ra3 Bxe4+ 41. Nxe4 Rxe4 $17) 40. Ra3 $1 {[%emt 0:02:04] The position is equal.} Bxe4+ 41. Nxe4 Rxe4 $11 {[%emt 0:00:02] KR-KR} 42. Ra7+ Kd6 43. Kd3 Re5 44. Rb7 Rxf5 45. Rxb6+ Kc7 46. Re6 Kd7 47. Rb6 Rf3+ 48. Ke4 $1 Rxc3 {[%emt 0:01:40] Hoping for ...e6.} 49. Kd5 {[%emt 0:00:06] Inhibits e6+.} Ra3 50. Rb7+ Kd8 51. Rb2 Rd3+ 52. Kxc5 Kc7 53. Re2 e5 54. a4 Rd8 55. a5 Ra8 56. Kb5 Re8 57. a6 e4 58. Kc5 f5 {[%emt 0:00:22] Threatens to win with ...f4.} 59. Kd4 Kb6 60. Ke3 Kc5 61. a7 Kxc4 62. Ra2 Ra8 63. Ra5 Kb4 {[%emt 0:00:14] Weighted Error Value: White=0.07 (flawless) /Black=0.07 (flawless)} 1/2-1/2

[Event "87th Spanish Championship 2022"]
[Site "Linares"]
[Date "2022.08.13"]
[Round "3.22"]
[White "Saenz Narciso, Miguel Angel"]
[Black "Moreno Tejera, Emilio"]
[Result "1-0"]
[ECO "A15"]
[WhiteElo "2222"]
[BlackElo "2420"]
[Annotator "TA"]
[PlyCount "57"]
[EventDate "2022.08.11"]
[EventType "swiss"]
[EventCountry "ESP"]
[SourceTitle "playchess.com"]
[Source "ChessBase"]
[SourceQuality "1"]
[TimeControl "5400+30"]

1. c4 Nf6 2. g3 g6 3. Bg2 Bg7 4. Nf3 O-O 5. O-O d6 6. Nc3 e5 7. d3 Re8 8. Rb1 $1 {[%emt 0:04:27] 8.Rb1 is better than 8.Bg5.} a5 9. a3 h6 10. Ne1 {[%emt 0:08:09] A24: English Opening vs King's Indian: Lines without ...Nc6.} c6 11. Nc2 Be6 12. b4 {[%emt 0:06:53] The position is equal.} axb4 13. axb4 d5 14. cxd5 cxd5 {[%emt 0:01:30] [#]} 15. d4 $146 ({Predecessor:} 15. Bd2 Nbd7 16. Ra1 Qb6 17. Na4 Qc6 18. Nc3 Nb6 19. Qb1 Qd7 20. Rc1 Bg4 21. Rxa8 Rxa8 {0-1 (32) Jurkiewicz,K (2290)-Kempinski,R (2612) Dzwirzyno 2004}) 15... e4 16. Na1 Nc6 17. b5 Ne7 18. Qb3 Nf5 19. Nc2 Nd7 20. Rd1 ({But not} 20. Nxd5 $2 Nb6 21. Bxe4 Nxd5 $19) 20... Nb6 21. Ba3 Nc4 22. e3 Rc8 23. Na4 b6 24. Nb4 Na5 {[%emt 0:01:44] Prevents Nc6.} 25. Qa2 Ra8 26. Na6 Nd6 $2 (26... Nc4 $17 {keeps the pressure on.}) 27. Nxb6 $1 $16 Nxb5 $2 (27... Qxb6 $16 28. Bxd6 Nc4) 28. Rxb5 $18 ({Less strong is} 28. Nxa8 Qxa8 29. Bb4 (29. Rxb5 Qxa6 30. Qb1 Nc4 $18) 29... Nc4 $18) 28... Rxa6 {[%emt 0:00:35] [#]} 29. Bc5 $1 {[%emt 0:00:09] Weighted Error Value: White=0.15 (very precise) /Black=0.36} ({Worse is} 29. Nxd5 Nc6 $14) 1-0

[Event "87th Spanish Championship 2022"]
[Site "Linares"]
[Date "2022.08.13"]
[Round "3.23"]
[White "Martinez-Conde Hernandez, Carlos"]
[Black "Suarez Uriel, Adrian"]
[Result "1-0"]
[ECO "B98"]
[WhiteElo "2205"]
[BlackElo "2386"]
[Annotator "TA"]
[PlyCount "33"]
[EventDate "2022.08.11"]
[EventType "swiss"]
[EventCountry "ESP"]
[SourceTitle "playchess.com"]
[Source "ChessBase"]
[SourceQuality "1"]
[TimeControl "5400+30"]

1. e4 c5 2. Nf3 d6 3. d4 cxd4 4. Nxd4 Nf6 5. Nc3 a6 6. Bg5 e6 7. f4 Be7 8. Qe2 h6 9. Bxf6 {[%emt 0:00:45] B98: Sicilian Najdorf: 6 Bg5 e6 7 f4 Be7, sidelines.} Bxf6 10. O-O-O O-O 11. e5 {[%emt 0:16:40] The position is equal.} Be7 12. g4 {[%emt 0:01:05][%cal Oh2h4] [#]} Nd7 $146 (12... Qc7 $14) ({Predecessor:} 12... d5 13. Rd3 Nc6 14. Nxc6 bxc6 15. g5 g6 16. h4 h5 {1-0 (42) Simek,P (2269)-Haman,J (1955) Czech Republic 2010}) 13. exd6 $18 {[%emt 0:02:42] aiming for Nxe6.} Bxd6 {[%emt 0:01:19] [#]} (13... Bh4 $142 14. Bg2 Rb8) 14. Nxe6 $1 {[%emt 0:00:09][%mdl 512] White has a decisive advantage.} fxe6 15. Qxe6+ ({But not} 15. Rxd6 Kh8 16. g5 (16. Rxe6 Nf6 $16) 16... Rxf4 17. gxh6 (17. Qxe6 Qxg5 18. Kb1 Rf6 $14) 17... Qg5 18. hxg7+ Kxg7) 15... Kh8 16. Qxd6 ({Don't do} 16. Rxd6 Qh4 17. Qe3 (17. Rxd7 $2 Bxd7 18. Qe3 Bc6 $19) 17... Nf6) 16... Qf6 17. Qxf6 {White took control after the opening.  Weighted Error Value: White=0.00 (flawless) /Black=0.60} 1-0